[Event "SVK Extraliga 2017-18"]
[Site "Slovakia"]
[Date "2017.09.30"]
[Round "1"]
[White "Sepesi, Samuel"]
[Black "Magat, Jozef"]
[Result "1/2-1/2"]
[ECO "B11"]
[WhiteElo "2183"]
[BlackElo "2079"]
[Annotator "NA"]
[PlyCount "36"]
[EventDate "2017.09.30"]
[EventType "team-tourn"]
[EventCountry "SVK"]
[SourceTitle "playchess.com"]
[Source "ChessBase"]
[SourceQuality "1"]
[TimeControl "40/5400+30:1800+30"]

1. e4 c6 2. Nc3 d5 3. Nf3 Bg4 4. h3 Bxf3 5. Qxf3 Nf6 6. d3 e6 7. Bd2 Bb4 8. O-O-O Nbd7 9. g4 h6 10. Bg2 d4 11. Ne2 Bxd2+ 12. Rxd2 e5 13. h4 Nf8 14. Qg3 Qd6 15. Rdd1 Ne6 16. g5 Nh5 17. Qf3 Nhf4 18. Ng3 g6 1/2-1/2

[Event "SVK Extraliga 2017-18"]
[Site "Slovakia"]
[Date "2017.09.30"]
[Round "1"]
[White "Sorkovsky, Miroslav"]
[Black "Lembak, Jurij"]
[Result "1/2-1/2"]
[ECO "C11"]
[WhiteElo "2180"]
[BlackElo "2204"]
[Annotator "NA"]
[PlyCount "105"]
[EventDate "2017.09.30"]
[EventType "team-tourn"]
[EventCountry "SVK"]
[SourceTitle "playchess.com"]
[Source "ChessBase"]
[SourceQuality "1"]
[TimeControl "40/5400+30:1800+30"]

1. e4 e6 2. d4 d5 3. Nc3 Nf6 4. e5 Nfd7 5. f4 c5 6. Nf3 Nc6 7. Be3 Qb6 8. Na4 Qa5+ 9. c3 c4 10. b4 Qc7 11. Be2 Be7 12. O-O O-O 13. Nb2 b5 14. a4 $11 Rb8 15. a5 f5 16. Ng5 Nd8 17. Qc2 h6 18. Nh3 g6 19. Kh1 Rf7 20. Rg1 h5 21. Ng5 Bxg5 22. fxg5 Nf8 23. Raf1 Qe7 24. Nd1 Rb7 25. Qd2 Rh7 26. Nf2 Bd7 27. Nh3 Bc6 28. Rf2 a6 29. Rgf1 Kf7 30. Kg1 Ke8 31. Rf4 Rh8 32. Rh4 Nf7 33. g3 Kd8 34. Kf2 Kc8 35. Ke1 Rg8 36. Ng1 Nh7 37. Nf3 Rg7 38. Kd1 Nd8 39. Kc1 Nf8 40. Rf2 Rh7 41. h3 Qe8 42. Bd1 Rbf7 43. Bc2 Bd7 44. Rh2 Nc6 45. Qg2 Ne7 46. Bd2 Kb7 47. Qh1 Bc6 48. Rf4 Rh8 49. Qf1 Rhh7 50. Rf2 Rh8 51. Nh2 Nd7 52. g4 hxg4 53. Qe1 1/2-1/2

[Event "SVK Extraliga 2017-18"]
[Site "Slovakia"]
[Date "2017.09.30"]
[Round "1"]
[White "Klemanic, Emil"]
[Black "Urhegyi, Marton"]
[Result "1/2-1/2"]
[ECO "A08"]
[WhiteElo "2116"]
[BlackElo "2256"]
[Annotator "NA"]
[PlyCount "42"]
[EventDate "2017.09.30"]
[EventType "team-tourn"]
[EventCountry "SVK"]
[SourceTitle "playchess.com"]
[Source "ChessBase"]
[SourceQuality "1"]
[TimeControl "40/5400+30:1800+30"]

1. e4 e6 2. d3 d5 3. Nd2 Nf6 4. Ngf3 c5 5. g3 Nc6 6. Bg2 Be7 7. O-O O-O 8. Re1 b5 9. e5 Nd7 10. Nf1 a5 11. h4 a4 12. a3 b4 13. N1h2 Bb7 14. Bg5 Nb6 15. Ng4 $11 Kh8 16. Bxe7 Qxe7 17. Qd2 Rab8 18. h5 c4 19. h6 g6 20. Qf4 b3 21. cxb3 axb3 1/2-1/2

[Event "SVK Extraliga 2017-18"]
[Site "Slovakia"]
[Date "2017.09.30"]
[Round "1"]
[White "Gulbis, Adrian"]
[Black "Krak, Tomas"]
[Result "1/2-1/2"]
[ECO "A64"]
[WhiteElo "2097"]
[BlackElo "2312"]
[Annotator "NA"]
[PlyCount "87"]
[EventDate "2017.09.30"]
[EventType "team-tourn"]
[EventCountry "SVK"]
[SourceTitle "playchess.com"]
[Source "ChessBase"]
[SourceQuality "1"]
[TimeControl "40/5400+30:1800+30"]

1. d4 Nf6 2. c4 c5 3. d5 e6 4. Nc3 exd5 5. cxd5 d6 6. g3 g6 7. Bg2 Bg7 8. Nf3 O-O 9. O-O Re8 10. Nd2 a6 11. a4 Nbd7 12. Nc4 Ne5 13. Nxe5 Rxe5 14. e4 {[%emt 0:00:32] LiveBook: 34 Games} Re8 15. h3 Rb8 16. a5 b5 17. axb6 $1 Rxb6 18. Kh2 Nd7 19. f4 Rb4 20. Ra4 a5 21. Rxb4 (21. Ra3 $11) 21... cxb4 22. Na4 Ba6 23. Re1 Bb5 24. Kg1 f5 25. Bf1 Bxa4 26. Qxa4 Nc5 ({But not} 26... Rxe4 27. Rxe4 fxe4 28. Qb5) ({Don't take} 26... fxe4 27. Bb5) 27. Qc6 Bd4+ 28. Kg2 Rxe4 29. Rxe4 fxe4 ({Don't play} 29... Nxe4 30. Qc4 $19) 30. Be2 Kg7 31. Bg4 Qe7 $19 32. Qc8 e3 33. Be6 Nxe6 34. dxe6 a4 35. Kf3 Kf6 36. g4 e2 37. g5+ Kf5 38. Qc2+ Kxe6 39. Qxe2+ Kd7 40. Qb5+ Kd8 41. Qxb4 Bc5 42. Qb8+ Kd7 43. Qb5+ Kc7 44. Qa5+ 1/2-1/2

[Event "SVK Extraliga 2017-18"]
[Site "Slovakia"]
[Date "2017.09.30"]
[Round "1"]
[White "Pcola, Jaroslav"]
[Black "Szeko, Ludovit"]
[Result "1-0"]
[ECO "B03"]
[WhiteElo "2083"]
[BlackElo "2044"]
[Annotator "NA"]
[PlyCount "97"]
[EventDate "2017.09.30"]
[EventType "team-tourn"]
[EventCountry "SVK"]
[SourceTitle "playchess.com"]
[Source "ChessBase"]
[SourceQuality "1"]
[TimeControl "40/5400+30:1800+30"]

1. e4 Nf6 2. e5 Nd5 3. d4 d6 4. Bc4 Nb6 5. Bb3 g6 6. Qf3 {[%emt 0:08:00] B03: Alekhine's Defence: Four Pawns Attack} (6. f4 Bg7 7. Nf3 O-O 8. O-O Bg4 9. c3 N8d7 10. h3 Bf5 11. g4 Bxb1 12. Rxb1 e6 13. Qe2 c5 14. f5 dxe5 15. dxe5 {1-0 (30) Bodnaruk,A (2417)-Saulina,V (2253) Magnitogorsk 2011}) 6... d5 7. Nc3 c6 8. Qg3 $146 ({Predecessor:} 8. h4 h5 9. Nge2 Bg4 10. Qg3 Qd7 11. f3 Bf5 12. Bf4 Na6 13. O-O-O Nc7 {1-0 (42) Tonndorf,M (2222)-Kesik,K (2233) Blankenburg 2013}) 8... Bf5 9. Nf3 a5 10. a4 Na6 11. Nh4 Qd7 12. Qf4 Be6 13. Ne2 Bg7 14. c3 O-O 15. O-O f6 {[%emt 0:01:49] [#]} 16. Qg3 $1 fxe5 17. dxe5 Bg4 18. Re1 Bxe2 19. Rxe2 Nc5 20. Bc2 Ne6 $18 (20... Ne4 $1 $11 21. Bxe4 dxe4) 21. Nf3 Rf7 22. b3 Raf8 23. Be3 Nf4 24. Bxf4 Rxf4 25. e6 Qe8 26. Ng5 R4f6 27. Qh3 h6 28. Nf7 R8xf7 29. exf7+ Qxf7 30. Rae1 Bf8 31. Qg4 e5 32. Rxe5 Bc5 33. Kh1 Nd7 34. Re8+ Nf8 35. f3 Kg7 36. Qg3 Bd6 37. Qf2 Ne6 38. Ra8 Bc5 39. Qe2 Nc7 40. Rb8 Re6 41. Qd1 Rf6 42. Rxb7 h5 43. b4 axb4 44. cxb4 Bd6 45. Qd4 Kh6 46. Qe3+ g5 47. h4 Rf4 48. g3 Qd7 49. Qe6+ 1-0

[Event "SVK Extraliga 2017-18"]
[Site "Slovakia"]
[Date "2017.09.30"]
[Round "1"]
[White "Blaho, Stefan"]
[Black "Fiacan, Robert"]
[Result "0-1"]
[ECO "A40"]
[WhiteElo "2029"]
[BlackElo "2205"]
[Annotator "NA"]
[PlyCount "64"]
[EventDate "2017.09.30"]
[EventType "team-tourn"]
[EventCountry "SVK"]
[SourceTitle "playchess.com"]
[Source "ChessBase"]
[SourceQuality "1"]
[TimeControl "40/5400+30:1800+30"]

1. d4 g6 2. Nf3 Bg7 3. Bf4 d6 4. e3 Nf6 5. h3 O-O 6. Be2 c5 {[%emt 0:08:10] LiveBook: 568 Partien} 7. c3 a6 {[%emt 0:05:09] A48: 1 d4 Nf6 2 Nf3 g6: Torre, London and Colle Systems} (7... b6 8. O-O Bb7 9. Nbd2 Nbd7 10. Bh2 a6 11. a4 Ra7 12. Bd3 Qa8 13. Qe2 Ne4 14. Nxe4 Bxe4 15. Bxe4 Qxe4 16. Rfc1 Rc8 17. Nd2 Qa8 18. b4 Rac7 19. dxc5 bxc5 {0-1 (45) Bindrich,F (2590)-Amin,B (2662) Doha 2016}) 8. a4 Qb6 9. a5 $146 ({Predecessor:} 9. Qc1 $11 Nc6 10. Nbd2 cxd4 11. Nc4 Qc7 12. exd4 Re8 13. O-O e5 14. dxe5 dxe5 15. Bh2 {½-½ (49) Fichtner,E (2082)-Wells,D (2007) Shrivenham 2016}) 9... Qxb2 10. Ra3 Bf5 11. Rb3 (11. O-O $17 {is a better defense.}) 11... Qa2 12. Rxb7 Be4 13. Qb3 Qxa5 14. Rxe7 Bxb1 15. Qxb1 Nd5 16. O-O (16. Rb7 $17 Nxf4 17. exf4 Qxc3+ 18. Kf1) 16... Nxe7 $19 17. Bxd6 Nbc6 18. Bxc5 Rfb8 19. Qe4 Qa2 20. Re1 Nd5 21. Ng5 Re8 22. Qh4 h6 23. Ne4 Nxc3 24. Nxc3 Qd2 25. Rb1 Qxc3 26. Bf3 Rac8 27. Bd5 Qd3 28. Rb7 Nd8 29. Rd7 Qb5 30. Rd6 Rxc5 31. Rxd8 Rxd5 32. e4 Rdxd8 0-1

[Event "SVK Extraliga 2017-18"]
[Site "Slovakia"]
[Date "2017.10.01"]
[Round "2"]
[White "Pcola, Pavol"]
[Black "Sorkovsky, Miroslav"]
[Result "1-0"]
[ECO "A20"]
[WhiteElo "2374"]
[BlackElo "2180"]
[Annotator "NA"]
[PlyCount "129"]
[EventDate "2017.09.30"]
[EventType "team-tourn"]
[EventCountry "SVK"]
[SourceTitle "playchess.com"]
[Source "ChessBase"]
[SourceQuality "1"]
[TimeControl "40/5400+30:1800+30"]

1. c4 e5 2. g3 Nf6 3. Bg2 h6 4. Nc3 Bb4 {[%emt 0:00:11] A20: Englische Eröffnung} 5. e3 (5. e4 d6 6. Nge2 Nc6 7. h3 Bc5 8. a3 a6 9. d3 Nd4 10. b4 Ba7 11. Be3 O-O 12. O-O {1-0 (41) Svidler,P (2751)-Erdos,V (2628) Tbilisi 2017}) 5... Bxc3 6. bxc3 d6 7. Rb1 Nbd7 $146 ({Vorgänger:} 7... Nc6 8. d3 O-O 9. e4 Rb8 10. Ne2 Be6 11. f4 exf4 12. Nxf4 {1-0 (57) Baum,B (2303)-Middelhoff,C (2117) Germany 2012}) 8. e4 O-O 9. Ne2 Nc5 10. d3 Bd7 11. O-O Ba4 12. Qd2 Re8 13. h3 Rb8 14. Ba3 b6 15. f4 Nfd7 16. Rf3 Bc6 17. Re3 Ba8 18. Kh2 a6 19. g4 Nf8 20. f5 Qg5 21. Ng3 Nfd7 22. Rf1 b5 23. cxb5 $14 Rxb5 24. Qf2 Ra5 25. Bc1 Qh4 26. Qe2 Nf6 27. Nh5 Nxh5 28. gxh5 Qf6 29. Rg3 Kh8 30. Bf3 Bc6 31. Rfg1 Rg8 32. Be3 Rb5 33. R1g2 Na4 34. Bc1 Rb1 35. Qc2 Rbb8 36. Rg4 Rb7 37. c4 Rbb8 38. Bd1 Nc5 39. Be3 Na4 40. Qc1 Nc5 41. Bc2 Kh7 42. Qg1 Nd7 43. Bf2 Qe7 44. Rxg7+ Rxg7 45. Rxg7+ Kh8 46. Rg2 Kh7 47. Be3 Qf6 48. Bc1 Ra8 49. Qe3 Rg8 50. Rg6 Rxg6 51. hxg6+ fxg6 52. Qxh6+ Kg8 53. Bg5 Qg7 54. Qxg6 Qxg6 55. fxg6 Nf8 56. h4 Nxg6 57. Bd8 Kf7 58. Bxc7 Nxh4 59. Kg3 Ng6 60. Bxd6 Ke6 61. Bb8 Nf4 62. Kf3 Ng6 63. Bd1 Ne7 64. Ke3 Be8 65. Bc7 {Kd5} 1-0

[Event "SVK Extraliga 2017-18"]
[Site "Slovakia"]
[Date "2017.10.01"]
[Round "2"]
[White "Meszaros, Michal"]
[Black "Spacek, Oliver"]
[Result "1/2-1/2"]
[ECO "B28"]
[WhiteElo "2362"]
[BlackElo "2250"]
[Annotator "NA"]
[PlyCount "54"]
[EventDate "2017.09.30"]
[EventType "team-tourn"]
[EventCountry "SVK"]
[SourceTitle "playchess.com"]
[Source "ChessBase"]
[SourceQuality "1"]
[TimeControl "40/5400+30:1800+30"]

1. e4 c5 2. Nf3 a6 3. Be2 e6 4. d4 cxd4 5. Nxd4 Nf6 6. Nc3 Bb4 7. Qd3 d5 8. exd5 Nxd5 9. Bd2 Nxc3 10. Bxc3 Qa5 11. Bd2 Bxd2+ 12. Qxd2 Qxd2+ 13. Kxd2 Ke7 14. f4 Bd7 15. Bf3 Nc6 16. Nxc6+ Bxc6 17. Bxc6 bxc6 18. c4 a5 19. Rhe1 f6 20. Re3 c5 21. Rae1 Ra6 22. Kc2 h6 23. h4 Rb8 24. R1e2 Rab6 25. Kc3 Rd8 26. g3 Rd1 27. Kc2 Rd4 1/2-1/2

[Event "SVK Extraliga 2017-18"]
[Site "Slovakia"]
[Date "2017.10.01"]
[Round "2"]
[White "Caletka, Radomir"]
[Black "Kantorik, Marian"]
[Result "0-1"]
[ECO "B18"]
[WhiteElo "2337"]
[BlackElo "2293"]
[Annotator "NA"]
[PlyCount "110"]
[EventDate "2017.09.30"]
[EventType "team-tourn"]
[EventCountry "SVK"]
[SourceTitle "playchess.com"]
[Source "ChessBase"]
[SourceQuality "1"]
[TimeControl "40/5400+30:1800+30"]

1. e4 c6 2. d4 d5 3. Nd2 dxe4 4. Nxe4 Bf5 5. Ng3 Bg6 6. Nf3 e6 7. h4 h6 8. Ne5 Bh7 9. Bd3 Bxd3 10. Qxd3 Nd7 11. f4 Ngf6 12. Bd2 Be7 13. O-O-O {[%emt 0:01:22] B19: Classical Caro-Kann: 4...Bf5 main line} O-O (13... Qc7 14. Ne4 Nxe4 15. Qxe4 Nf6 16. Qf3 g6 17. Kb1 h5 18. c4 Rc8 19. Bc3 b5 20. d5 cxd5 21. cxd5 Nxd5 22. Rxd5 exd5 23. Qxd5 {1-0 (29) Saric,I (2652)-Navara,D (2725) Tallinn 2016}) 14. Kb1 c5 15. Ne2 {[%emt 0:22:38] [#]} cxd4 $146 ({Predecessor:} 15... Rc8 16. Qf3 cxd4 17. Nxd4 Nxe5 18. fxe5 Qxd4 19. exf6 Qxf6 20. Qb3 Qg6 {0-1 (29) Hidalgo Paniagua,F-Rausis,I (2537) Seville 2003}) 16. Qf3 h5 17. Nd3 Qb6 18. Bc1 Ng4 19. f5 e5 20. Ng3 Ndf6 21. Rde1 Qc6 22. Bg5 Rac8 23. Re2 Rfe8 24. Qxc6 bxc6 25. Nxe5 Nxe5 26. Rxe5 Bd6 27. Rxe8+ Rxe8 28. Bxf6 Bxg3 29. Bxd4 a6 $11 30. c3 Re2 31. f6 g6 32. Rh3 Rxg2 33. Be3 Be5 34. Rf3 Rg4 35. Bf2 Rf4 36. Rxf4 Bxf4 37. Kc2 Be5 38. b4 Bxf6 39. a4 Kf8 40. c4 Ke8 41. Kd3 Kd7 42. Ke4 Bd8 43. Kf4 f6 44. Ke4 Ke6 45. b5 cxb5 46. cxb5 axb5 47. axb5 Kd6 48. Kf3 Kd5 49. Be3 Be7 50. Bf2 Bc5 51. Be1 Bd4 52. Bg3 Kc5 53. Bc7 Kxb5 54. Bd8 Kc6 55. Ke4 Bc3 0-1

[Event "SVK Extraliga 2017-18"]
[Site "Slovakia"]
[Date "2017.10.01"]
[Round "2"]
[White "Hausner, Ivan"]
[Black "Jurcik, Martin"]
[Result "1/2-1/2"]
[ECO "A00"]
[WhiteElo "2321"]
[BlackElo "2319"]
[Annotator "NA"]
[PlyCount "54"]
[EventDate "2017.09.30"]
[EventType "team-tourn"]
[EventCountry "SVK"]
[SourceTitle "playchess.com"]
[Source "ChessBase"]
[SourceQuality "1"]
[TimeControl "40/5400+30:1800+30"]

1. g3 d5 2. Bg2 Nf6 3. d3 e5 4. Nd2 Nc6 5. e4 dxe4 6. dxe4 Bc5 7. Ngf3 O-O 8. O-O {[%emt 0:00:22] C44: Ponziani Opening and Scotch Gambit} Re8 (8... a5 9. b3 Qe7 10. Bb2 Rd8 11. Qe2 Bg4 12. c3 Rd7 13. h3 Bh5 14. a4 Rxd2 15. Qxd2 Nxe4 {0-1 (23) Kolker,V (2023)-Khenkin,I (2553) Wiesbaden 2016}) 9. Qe2 Nd4 $146 ({Predecessor:} 9... a5 10. Rd1 Qe7 11. Nh4 Bg4 12. Ndf3 Nd4 13. Qc4 b5 14. Qc3 Ne2+ {0-1 (14) Zakharova,D (1532)-Stojanov,A (2125) Golden Sands 2015}) 10. Nxd4 Bxd4 11. c3 Bc5 12. Nc4 Bg4 13. Qc2 Qc8 14. Be3 Bxe3 15. Nxe3 Bh5 16. f3 Qe6 17. Qb3 Qb6 18. Qxb6 axb6 19. Rfd1 Bg6 20. Kf2 Kf8 21. Ke2 Red8 22. Rxd8+ Rxd8 23. Nc4 Nd7 24. Rd1 f6 25. Bh3 Ke8 26. Ne3 Bf7 27. Nd5 $11 c6 1/2-1/2

[Event "SVK Extraliga 2017-18"]
[Site "Slovakia"]
[Date "2017.10.01"]
[Round "2"]
[White "Petran, Peter"]
[Black "Banas, Kamil"]
[Result "*"]
[ECO "B06"]
[WhiteElo "2318"]
[BlackElo "2247"]
[Annotator "ChessBase"]
[PlyCount "28"]
[EventDate "2017.09.30"]
[EventType "team-tourn"]
[EventCountry "SVK"]
[SourceTitle "playchess.com"]
[Source "ChessBase"]
[SourceQuality "1"]
[TimeControl "40/5400+30:1800+30"]

1. e4 g6 2. d4 Bg7 3. Nc3 c6 4. f4 d5 5. e5 Nh6 6. Nf3 O-O 7. Be3 Bg4 8. Be2 f6 9. Qd2 Nd7 10. O-O-O Nf5 11. Kb1 Bxf3 12. Bxf3 fxe5 13. dxe5 Nxe3 14. Qxe3 e6 *

[Event "SVK Extraliga 2017-18"]
[Site "Slovakia"]
[Date "2017.10.01"]
[Round "2"]
[White "Jacko, Vladimir"]
[Black "Zvarik, Martin"]
[Result "1-0"]
[ECO "E36"]
[WhiteElo "2310"]
[BlackElo "2237"]
[Annotator "NA"]
[PlyCount "75"]
[EventDate "2017.09.30"]
[EventType "team-tourn"]
[EventCountry "SVK"]
[SourceTitle "playchess.com"]
[Source "ChessBase"]
[SourceQuality "1"]
[TimeControl "40/5400+30:1800+30"]

1. d4 Nf6 2. c4 e6 3. Nc3 Bb4 4. Qc2 d5 5. a3 Bxc3+ 6. Qxc3 Nc6 7. Nf3 O-O 8. Bg5 Ne7 9. Bxf6 gxf6 10. g3 Bd7 11. cxd5 Nxd5 12. Qc2 Rc8 13. Bg2 c5 14. O-O Qe7 15. Rfd1 Nb6 16. Qe4 Ba4 17. Qg4+ Kh8 18. Rdc1 c4 $16 19. Qh4 Rc7 20. Nd2 Rg8 21. e3 Qd8 22. Rc3 f5 23. Qf4 f6 24. b3 Rg4 25. Qh6 Rg6 26. Qf4 Rg4 27. Qh6 Bxb3 28. Nxb3 Na4 29. Rcc1 Rg6 30. Qf4 e5 31. dxe5 Rg4 32. Qxf5 cxb3 33. Rxc7 Qxc7 34. Qxg4 b2 35. Rf1 Nc3 36. Be4 Qc4 37. exf6 Ne2+ 38. Kg2 1-0

[Event "SVK Extraliga 2017-18"]
[Site "Slovakia"]
[Date "2017.10.01"]
[Round "2"]
[White "Dovzik, Juri"]
[Black "Cibickova, Zuzana"]
[Result "1/2-1/2"]
[ECO "A06"]
[WhiteElo "2308"]
[BlackElo "2290"]
[Annotator "NA"]
[PlyCount "81"]
[EventDate "2017.09.30"]
[EventType "team-tourn"]
[EventCountry "SVK"]
[SourceTitle "playchess.com"]
[Source "ChessBase"]
[SourceQuality "1"]
[TimeControl "40/5400+30:1800+30"]

1. Nf3 d5 2. g3 c6 3. Bg2 Bg4 4. d4 Nd7 5. Nbd2 Ngf6 6. O-O e6 7. Re1 Be7 8. e4 O-O 9. c3 Bh5 10. Qb3 Qb6 11. exd5 {[%emt 0:12:52] D02: 1 d4 d5 2 Nf3 sidelines, including 2...Nf6 3 g3 and 2...Nf6 3 Bf4} cxd5 12. Ne5 Nxe5 13. Qxb6 {[%emt 0:08:53] [#]} Nf3+ $146 ({Predecessor:} 13... axb6 14. dxe5 Nd7 15. c4 Nc5 16. cxd5 exd5 17. Bxd5 Nd3 18. Re3 Nxc1 19. Rxc1 {0-1 (65) Dizdarevic,E (2483)-Ragger,M (2561) Novi Sad 2009}) 14. Nxf3 axb6 15. Bg5 Bxf3 16. Bxf3 Rfc8 17. Be2 h6 18. Bxf6 Bxf6 19. Bb5 Kf8 20. a4 Rc7 21. Kg2 Ke7 22. h4 g6 23. f4 h5 24. Kf3 Kd6 $11 25. Re3 Bg7 26. Rh1 Bf6 27. Re2 Rh8 28. Reh2 Rcc8 29. Re2 Rc7 30. Ra1 Ra8 31. Rh2 Rcc8 32. Re2 Rc7 33. Ree1 Rcc8 34. Red1 Rc7 35. Rh1 Rcc8 36. Ke3 Ke7 37. Kd2 Rc7 38. Rhe1 Rcc8 39. Ra3 Kd6 40. Raa1 Ke7 41. Kd3 1/2-1/2

[Event "SVK Extraliga 2017-18"]
[Site "Slovakia"]
[Date "2017.10.01"]
[Round "2"]
[White "Vojtek, Vladimir"]
[Black "Holtman, Teodor"]
[Result "0-1"]
[ECO "B21"]
[WhiteElo "2295"]
[BlackElo "2248"]
[Annotator "NA"]
[PlyCount "56"]
[EventDate "2017.09.30"]
[EventType "team-tourn"]
[EventCountry "SVK"]
[SourceTitle "playchess.com"]
[Source "ChessBase"]
[SourceQuality "1"]
[TimeControl "40/5400+30:1800+30"]

1. e4 c5 2. f4 Nc6 3. Nf3 e6 4. Bb5 Nge7 5. O-O a6 6. Be2 d5 7. d3 g6 {[%emt 0:06:29] B21: Sicilian: 2 f4 and Morra Gambit} (7... b6 8. c3 g6 9. Na3 Bg7 10. e5 O-O 11. d4 cxd4 12. cxd4 Bb7 13. Nc2 Qd7 14. Be3 Na5 15. Bf2 {½-½ (65) Narciso Dublan,M (2532)-Mullon,J (2402) Barcelona 2015}) 8. c3 Bg7 9. Be3 d4 10. Bf2 O-O 11. c4 e5 12. fxe5 Nxe5 13. Nxe5 Bxe5 14. Nd2 Qc7 15. Nf3 Bf4 $146 16. g3 Bh6 17. Nh4 Bh3 18. Re1 Qd7 19. Bf1 Bg4 20. Be2 Bh3 21. a3 Nc6 22. Nf3 a5 23. Kh1 Be6 24. Nh4 Ne5 25. Ng2 f5 26. exf5 Bxf5 27. Nf4 $19 (27. g4 $142 Bxd3 28. Bxd3 Nxd3 29. Qxd3 Rxf2 30. Re2) 27... Bxf4 28. gxf4 Qc6+ 0-1

[Event "SVK Extraliga 2017-18"]
[Site "Slovakia"]
[Date "2017.10.01"]
[Round "2"]
[White "Briestensky, Rastislav"]
[Black "Federic, Jozef"]
[Result "0-1"]
[ECO "B40"]
[WhiteElo "2292"]
[BlackElo "2271"]
[Annotator "NA"]
[PlyCount "81"]
[EventDate "2017.09.30"]
[EventType "team-tourn"]
[EventCountry "SVK"]
[SourceTitle "playchess.com"]
[Source "ChessBase"]
[SourceQuality "1"]
[TimeControl "40/5400+30:1800+30"]

1. e4 c5 2. Nf3 e6 3. Nc3 a6 4. g3 Nc6 5. Bg2 Nf6 6. O-O Qc7 7. d3 Be7 8. Bd2 O-O {[%emt 0:09:58] B40: Sicilian: 2...e6, Unusual lines} 9. Ng5 d6 10. f4 Bd7 $146 ({Predecessor:} 10... Rb8 11. g4 b5 12. h3 Nd7 13. f5 Nde5 14. Ne2 h6 15. Nf3 Nxf3+ 16. Bxf3 {0-1 (54) Mamani,J (2157)-Torres,J (2337) Asuncion 2012}) 11. g4 Nd4 12. Kh1 Rac8 13. Be3 b5 14. Rf2 b4 15. Nb1 Ba4 16. b3 Bd7 17. h3 h6 18. Nf3 Nxf3 19. Bxf3 Nh7 20. Nd2 Bf6 21. Rb1 Bd4 22. Bxd4 cxd4 23. Nc4 e5 24. f5 Bb5 25. Qd2 Bxc4 $11 26. bxc4 a5 27. h4 f6 28. Rg2 Ra8 29. Rbg1 Qe7 30. Rh2 Rfb8 31. Qf2 Kf8 32. Qd2 Kg8 33. g5 fxg5 34. Bh5 Qf6 35. Bg6 gxh4 36. Bxh7+ Kxh7 37. Rg6 Qd8 38. Rhg2 Ra7 39. f6 Kh8 40. fxg7+ Kg8 41. Qxh6 0-1

[Event "SVK Extraliga 2017-18"]
[Site "Slovakia"]
[Date "2017.10.01"]
[Round "2"]
[White "Zambor, Norbert"]
[Black "Bombek, Peter"]
[Result "1/2-1/2"]
[ECO "C17"]
[WhiteElo "2261"]
[BlackElo "2207"]
[Annotator "NA"]
[PlyCount "112"]
[EventDate "2017.09.30"]
[EventType "team-tourn"]
[EventCountry "SVK"]
[SourceTitle "playchess.com"]
[Source "ChessBase"]
[SourceQuality "1"]
[TimeControl "40/5400+30:1800+30"]

1. e4 e6 2. d4 d5 3. Nc3 Bb4 4. e5 c5 5. Bd2 Ne7 6. Nb5 Bxd2+ 7. Qxd2 O-O 8. f4 Nbc6 {[%emt 0:03:20] C17: French: 3 Nc3 Bb4 4 e5 c5 sidelines} (8... a6 9. Nd6 cxd4 10. Nf3 Nec6 11. Bd3 f6 12. O-O Nd7 13. Rae1 Nc5 14. a3 Bd7 15. Qf2 Qb6 16. b4 Nxd3 17. cxd3 fxe5 18. fxe5 Nxe5 19. Rxe5 Qxd6 20. Qxd4 {0-1 (76) Saveliev,A (2379)-Goganov,A (2639) Moscow 2017}) 9. Nf3 Qb6 10. dxc5 Qxc5 11. Nbd4 Bd7 12. c3 Nxd4 13. Qxd4 Qa5 14. Bd3 f6 $146 ({Predecessor:} 14... h6 15. Qf2 Rac8 16. Nd4 a6 17. O-O Nc6 18. Nb3 Qc7 {1-0 (50) Comp Mephisto Vancouver-Dreyer,M (2235) New Zeeland 1992}) 15. O-O fxe5 16. Nxe5 Qc7 17. Rae1 Nc6 18. Qc5 Rac8 19. Nxd7 Qxd7 20. Qe3 Rce8 21. Bb5 a6 22. Ba4 b5 23. Bb3 g6 24. Qc5 Kg7 $14 25. g3 Qa7 26. Qxa7+ Nxa7 27. Rf2 Nc6 28. Rfe2 Kf7 29. g4 Nd8 30. Kg2 Rg8 31. Kf3 Ref8 32. Bxd5 Re8 33. Bb3 Rgf8 34. Kg3 Kf6 35. Rd1 Rf7 36. Red2 Nb7 37. Re1 Nc5 38. Rd6 Rd7 39. Rc6 Rd3+ 40. Kf2 Rd2+ 41. Re2 Nd3+ 42. Ke3 Rxe2+ 43. Kxe2 Nxf4+ 44. Ke3 Ke5 45. Bc2 Rd8 46. Rxa6 Ng2+ 47. Ke2 Nf4+ 48. Ke3 Ng2+ 49. Ke2 Nf4+ 50. Kf3 Rd2 51. Bb3 Rd3+ 52. Kf2 Rd2+ 53. Kf3 Rd3+ 54. Kf2 Rd2+ 55. Kf3 Rd3+ 56. Kf2 Rd2+ 1/2-1/2

[Event "SVK Extraliga 2017-18"]
[Site "Slovakia"]
[Date "2017.10.01"]
[Round "2"]
[White "Urhegyi, Marton"]
[Black "Krak, Tomas"]
[Result "1/2-1/2"]
[ECO "C04"]
[WhiteElo "2256"]
[BlackElo "2312"]
[Annotator "NA"]
[PlyCount "34"]
[EventDate "2017.09.30"]
[EventType "team-tourn"]
[EventCountry "SVK"]
[SourceTitle "playchess.com"]
[Source "ChessBase"]
[SourceQuality "1"]
[TimeControl "40/5400+30:1800+30"]

1. e4 e6 2. d4 d5 3. Nd2 Nc6 4. Ngf3 Nf6 5. e5 Nd7 6. Nb3 f6 7. exf6 Qxf6 8. Bg5 Qf7 9. Bh4 Bd6 10. Bd3 h6 11. Bg3 O-O 12. O-O e5 13. dxe5 Ndxe5 14. Nxe5 Nxe5 15. Be2 Be6 16. Nd4 Bd7 17. Nb5 Bxb5 1/2-1/2

[Event "SVK Extraliga 2017-18"]
[Site "Slovakia"]
[Date "2017.10.01"]
[Round "2"]
[White "Banas, Kamil"]
[Black "Petran, Peter"]
[Result "1-0"]
[ECO "B06"]
[WhiteElo "2247"]
[BlackElo "2318"]
[Annotator "NA"]
[PlyCount "77"]
[EventDate "2017.09.30"]
[EventType "team-tourn"]
[EventCountry "SVK"]
[SourceTitle "playchess.com"]
[Source "ChessBase"]
[SourceQuality "1"]
[TimeControl "40/5400+30:1800+30"]

1. e4 g6 2. d4 Bg7 3. Nc3 c6 4. f4 d5 5. e5 Nh6 6. Nf3 O-O 7. Be3 Bg4 8. Be2 f6 9. Qd2 {[%emt 0:01:44] B15: Caro-Kann: 3 Nc3: 3...g6 and 3...dxe4 4 Nxe4 Nf6 5 Nxf6+ exf6} Nd7 10. O-O-O Nf5 11. Kb1 Bxf3 $146 ({Predecessor:} 11... Bh6 12. Ng5 Bxe2 13. Ne6 Qc8 14. Qxe2 Rf7 15. Bc1 fxe5 16. fxe5 Nf8 17. Nxf8 Qxf8 {1-0 (33) Zumsande,M (2442)-Krasenkow,M (2610) Stockholm 2016}) 12. Bxf3 fxe5 13. dxe5 Nxe3 14. Qxe3 e6 15. h4 Qe7 16. Bg4 Rae8 17. Ne2 c5 18. Qh3 h5 19. Bf3 Qf7 20. Rhf1 Kh8 21. g4 Re7 22. gxh5 gxh5 23. Rd3 Bh6 24. Rg1 Qf5 25. Qh1 $17 Rg7 26. Rg5 Bxg5 27. hxg5 Nxe5 28. Bxh5 Kg8 29. Rh3 Ng6 30. Ng3 Qf7 31. f5 exf5 32. Bxg6 Qxg6 33. Rh8+ Kf7 34. Qxd5+ Ke7 35. Rh6 Rd8 36. Qe5+ Kf7 37. b3 Qxg5 38. Qe6+ Kf8 39. Rf6+ 1-0